 Dungeon Crawl Stone Soup version 0.30-a0-135-g630cfc4551 (webtiles) character file.

Game seed: 17908963650521064825

688 LnG the Caller (level 7, -20/38 HPs)
             Began as a Kobold Summoner on Sept 20, 2022.
             Was an Initiate of Kikubaaqudgha.
             Killed by an exploding themself (37 damage)
             ... ignited by their inner flame
             ... on level 5 of the Dungeon.
             The game lasted 00:45:47 (7844 turns).

LnG the Caller (Kobold Summoner)                    Turns: 7844, Time: 00:45:49

Health: -20/38     AC:  3    Str:  5    XL:     7   Next: 94%
Magic:  10/15      EV: 15    Int: 19    God:    Kikubaaqudgha [......]
Gold:   189        SH:  0    Dex: 15    Spells: 8/17 levels left

rFire   . . .      SeeInvis .    q - staff of conjuration
rCold   . . .      Faith    .    (shield currently unavailable)
rNeg    . . .      Spirit   .    a - +0 robe
rPois   .          Reflect  .    (no helmet)
rElec   .          Harm     .    (no cloak)
rCorr   .          Rampage  .    (no gloves)
Will    .....                    j - +0 pair of boots
Stlth   ++++......               (no amulet)
HPRegen 0.12/turn                i - ring of wizardry
MPRegen 0.14/turn                (no ring)

@: no status effects
A: small, no large weapons, nightstalker 3
a: Renounce Religion


You were on level 5 of the Dungeon.
You worshipped Kikubaaqudgha.
Kikubaaqudgha was noncommittal.
You visited 1 branch of the dungeon, and saw 5 of its levels.

You collected 239 gold pieces.
You spent 50 gold pieces at shops.

Inventory:

Missiles
 x - a throwing net
Armour
 a - a +0 robe (worn)
 j - a +0 pair of boots (worn)
Magical Staves
 q - a staff of conjuration (weapon)
 y - a staff of death
Jewellery
 i - a ring of wizardry (left hand)
Wands
 t - a wand of flame (40)
Scrolls
 e - a scroll of blinking
 f - a scroll of immolation
 g - 2 scrolls of vulnerability
 k - a scroll of noise {unknown}
 o - 2 scrolls of silence {unknown}
 p - 2 scrolls of torment {unknown}
 r - 2 scrolls of fog {unknown}
 v - 2 scrolls of teleportation
 w - a scroll of amnesia {unknown}
 z - a scroll of identify
 A - a scroll of brand weapon {unknown}
Potions
 b - 2 potions of flight {unknown}
 c - 3 potions of haste {unknown}
 d - 2 potions of attraction {unknown}
 h - a potion of mutation {unknown}
 l - 3 potions of heal wounds {unknown}
 m - a potion of brilliance {unknown}
 n - 3 potions of lignification {unknown}
 s - 2 potions of magic
 u - 2 potions of curing {unknown}


   Skills:
 + Level 1.5 Fighting
 + Level 0.9 Staves
 + Level 3.6 Dodging
 + Level 4.5 Stealth
 + Level 5.6 Spellcasting
 + Level 0.2 Hexes
 + Level 6.0 Summonings


You had 8 spell levels left.
You knew the following spells:

 Your Spells              Type           Power      Damage    Failure   Level
a - Summon Small Mammal   Summ           100%       N/A       1%          1
b - Call Imp              Summ           28%        N/A       1%          2
c - Call Canine Familiar  Summ           28%        N/A       1%          3
d - Summon Guardian Gole  Hex/Summ       17%        N/A       4%          3

Your spell library contained the following spells:

 Spells                   Type           Power      Damage    Failure   Level
 Magic Dart               Conj           32%        1d4       4%          1
 Necrotise                Necr           20%        1d5       4%          1
 Sublimation of Blood     Necr           5%         N/A       8%          2
 Summon Lightning Spire   Summ/Air       16%        N/A       13%         4
 Mephitic Cloud           Conj/Pois/Air  8%         N/A       14%         3
 Vampiric Draining        Necr           5%         2d6       14%         3
 Animate Dead             Necr           5%         N/A       41%         4


Dungeon Overview and Level Annotations

Branches:
Dungeon (5/15)
 Temple: D:4-7

Altars:
Ashenzari
Cheibriados
Kikubaaqudgha

Shops:
D:4 *


Innate Abilities, Weirdness & Mutations

You are small and have problems with some larger weapons.
You are completely attuned to the shadows.


Message History

The ice beast freezes your hound!
Your hound completely misses the ice beast.
The ice beast hits your hound. The ice beast freezes your hound!
Your hound barely misses the ice beast.
Your hound bites the ice beast but does no damage.
The ice beast closely misses your hound.
Your hound bites the ice beast.
The ice beast closely misses your hound.
Your hound barely misses the ice beast.
Your hound bites the ice beast but does no damage.
The ice beast hits your hound. The ice beast freezes your hound!
Your hound dies!
Your hound's corpse disappears in a puff of smoke!
The ice beast hits your guardian golem but does no damage.
Casting: Summon Guardian Golem (dangerous; 4% risk of failure)
Confirm with . or Enter, or press ? or * to list all spells.
The ice beast hits your guardian golem.
The ice beast freezes your guardian golem.
Your guardian golem resists.
Your guardian golem overheats!
The ice beast hits your guardian golem. Flame seeps out of your guardian golem.
The ice beast freezes your guardian golem!
Your guardian golem resists.
Flame seeps out of your guardian golem.
Your hound bites the ice beast.
Your guardian golem is engulfed in blazing flames.
Flame seeps out of your guardian golem.
Your hound bites the ice beast but does no damage.
The ice beast hits your hound. The ice beast freezes your hound.
Flame seeps out of your guardian golem.
Your hound bites the ice beast.
The ice beast dies!
Kikubaaqudgha accepts your kill.
Your guardian golem is engulfed in blazing flames.
Your guardian golem disappears in a puff of smoke!
Your guardian golem explodes!
The fiery explosion engulfs your hound!!!
Your hound dies!
Your hound's corpse disappears in a puff of smoke!
The fiery explosion engulfs you!!!
Ouch! That really hurt!
You die...
Kikubaaqudgha rasps: "You have failed me!
Welcome... death!"

#.....##......
#.##....#......
...
###.........
$......
###.......
...... ##......
.....# ##.....
...§§§# #.....
.........§○§#
##..#.
.........§§@#
##
.......[....# #
............# #
...........##
###
..........##
##..
......#####
##... .####..#
##..##
##.##########
###..###
##.........##
##.<.## #


There were no monsters in sight!

Vanquished Creatures
  An iguana (D:5)
  2 goblins (D:3)
  2 hobgoblins (D:3)
  A quokka (D:4)
6 creatures vanquished.

Vanquished Creatures (collateral kills)
  An ice beast (D:5)
  An ogre (D:4)
  A phantom (D:5)
  A necrophage (D:4)
  A scorpion (D:4)
  2 orc priests
  2 hounds (D:5)
  An iguana (D:4)
  An orc wizard (D:3)
  A mummy (D:4)
  Robin (D:3)
  A gnoll (D:1)
  7 adders
  An ufetubus (D:4)
  2 worms
  4 dart slugs
  13 orcs
  6 endoplasms
  5 giant cockroaches
  15 goblins
  4 hobgoblins
  2 jackals (D:1)
  7 kobolds
  3 quokkas
  6 ball pythons
  6 bats
  3 frilled lizards
  5 rats
103 creatures vanquished.

Grand Total: 109 creatures vanquished

Notes
Turn   | Place    | Note
-------+----------+-------------------------------------------
     0 | D:1      | LnG the Kobold Summoner began the quest for the Orb.
     0 | D:1      | Reached XP level 1. HP: 10/10 MP: 3/3
   257 | D:1      | Reached XP level 2. HP: 14/15 MP: 3/5
   493 | D:1      | Found a faded altar of an unknown god.
   572 | D:1      | Learned a level 2 spell: Call Imp
   645 | D:1      | Reached XP level 3. HP: 16/19 MP: 3/7
   652 | D:1      | Learned a level 3 spell: Call Canine Familiar
  1891 | D:2      | Reached XP level 4. HP: 10/24 MP: 1/8
  2435 | D:2      | Learned a level 3 spell: Summon Guardian Golem
  3473 | D:3      | Reached skill level 1 in Fighting
  3487 | D:3      | Reached XP level 5. HP: 29/29 MP: 6/10
  3603 | D:3      | Reached skill level 5 in Summonings
  3756 | D:3      | Found a broken altar of Ashenzari.
  4170 | D:3      | Noticed Robin
  4233 | D:3      | Reached XP level 6. HP: 33/34 MP: 5/12
  4243 | D:3      | Killed Robin
  4250 | D:3      | Found an ancient bone altar of Kikubaaqudgha.
  4264 | D:3      | Became a worshipper of Kikubaaqudgha
  4978 | D:4      | Found Tyisy's General Store.
  4983 | D:4      | Bought a scroll of teleportation for 30 gold pieces
  4983 | D:4      | Bought a scroll of identify for 20 gold pieces
  5297 | D:4      | Found a snail-covered altar of Cheibriados.
  5417 | D:4      | Noticed an ogre
  5436 | D:4      | HP: 1/34 [ogre/+0 giant club (20)]
  5436 | D:4      | Killed an ogre
  5437 | D:4      | Reached XP level 7. HP: 1/38 MP: 5/14
  5931 | D:4      | Reached skill level 5 in Spellcasting
  6642 | D:5      | Entered Level 5 of the Dungeon
  7182 | D:5      | Reached * piety under Kikubaaqudgha
  7182 | D:5      | Received a gift from Kikubaaqudgha
  7269 | D:5      | Reached skill level 6 in Summonings
  7844 | D:5      | Killed by an exploding themself... ignited by their inner
                  | flame

Illustrated notes

Levels and vault maps discovered:
D:1:      nzn_arrival_settlement, layout_basic,
          hellmonk_ecumenical_altar_lost_god
D:2:      layout_basic, minivault_25, minmay_cut_off
D:3:      layout_basic, mainiacjoe_overflow_alcove_2, lemuel_tele_altar,
          minmay_misc_feat_five, nrook_mini_vaults, uniq_robin
D:4:      layout_loops_corners, slow_altar_1, serial_shops,
          nicolae_shop_crystal, chequers_serial_rivers_marsh
D:5:      layout_cave_pods, kennysheep_generic_room_4

Skill      XL: |  1  2  3  4  5  6  7 |
---------------+----------------------+-----
Stealth        | 3 4 |  4.5
Spellcasting   | 3 4 5 |  5.6
Dodging        | 3 |  3.6
Fighting       | 1 |  1.5
Summonings     | 5 6 |  6.0
Staves         | |  0.9
Hexes          | |  0.2

Action                   |  1- 3 |  4- 6 |  7- 9 || total
-------------------------+-------+-------+-------++-------
Melee: Unarmed           |     9 |       |       ||     9
       Staff             |       |    34 |    38 ||    72
 Cast: Summon Small Mamm |    38 |     2 |     8 ||    48
       Call Imp          |    13 |    14 |     3 ||    30
       Call Canine Famil |     2 |    23 |    18 ||    43
       Summon Guardian G |       |       |     5 ||     5
  Use: Potion            |     1 |       |       ||     1
       Scroll            |       |     2 |     2 ||     4
 Stab: Distracted        |     1 |     1 |     1 ||     3
Armor: Robe              |    13 |    10 |     6 ||    29
Dodge: Dodged            |    58 |    41 |    30 ||   129

Table legend: (Time is in decaauts)
 A = Elapsed time spent in this place.
 B = Non-inter-level travel time spent in this place.
 C = Inter-level travel time spent in this place.
 D = Time resting spent in this place.
 E = Time spent auto-exploring this place.
 F = Levels seen in this place.
 G = Mean time per level.
                   A        B        C        D        E       F      G
               +--------+--------+--------+--------+--------+-----+--------+
         Total |   7858 |   7601 |    257 |   1601 |   1050 |   5 | 1571.6 |
       Dungeon |   7858 |   7601 |    257 |   1601 |   1050 |   5 | 1571.6 |
               +--------+--------+--------+--------+--------+-----+--------+

Top non-repeatable levels by time:
     D:4: 1894 daAuts
     D:2: 1752 daAuts
     D:1: 1572 daAuts
     D:3: 1432 daAuts
     D:5: 1206 daAuts
